 Dungeon Crawl Stone Soup version 0.31.0-32-g396128a36d (webtiles) character file.

Game seed: 3402495082313729875

6 PaiMei the Grave Robber (level 1, 0/13 HPs)
             Began as a Demonspawn Necromancer on Mar 28, 2024.
             Constricted to death by a ball python (1 damage)
             ... on level 1 of the Dungeon.
             The game lasted 00:00:32 (139 turns).

PaiMei the Grave Robber (Demonspawn Necromancer)     Turns: 139, Time: 00:00:32

Health: 0/13       AC:  3    Str:  8    XL:     1   Next: 75%
Magic:  3/3        EV:  9    Int: 15    God:
Gold:   15         SH:  0    Dex: 13    Spells: 3/4 levels left

rFire   . . .        (no weapon)
rCold   . . .        (no shield)
rNeg    . . .        a - +0 robe
rPois   .            e - +1 hat
rElec   .            (no cloak)
rCorr   .            (no gloves)
SInv    .            (no boots)
Will    .....        (no amulet)
Stlth   ++           (no ring)
HPRegen 0.22/turn    (no ring)
MPRegen 0.08/turn

%: no passive effects
@: constricted
A: no striking features
a: no special abilities


You were on level 1 of the Dungeon.
You visited 1 branch of the dungeon, and saw 1 of its levels.

You collected 15 gold pieces.

Inventory:

Armour
 a - a +0 robe (worn)
 e - a +1 hat (worn)
Scrolls
 c - a scroll of enchant weapon {unknown}
 d - a scroll of revelation {unknown}
Potions
 b - a potion of magic


   Skills:
 + Level 1.9 Dodging
 + Level 1.9 Stealth
 + Level 2.1 Spellcasting
 + Level 4.5 Necromancy


You had 3 spell levels left.
You knew the following spells:

 Your Spells              Type           Power      Damage    Failure   Level
a - Necrotise             Necr           60%        1d7       3%          1

Your spell library contained the following spells:

 Spells                   Type           Power      Damage    Failure   Level
 Vampiric Draining        Necr           15%        2d7       11%         3
 Animate Dead             Necr           15%        N/A       34%         4
 Curse of Agony           Necr           15%        N/A       67%         5


Dungeon Overview and Level Annotations

Branches:
Dungeon (1/15)

Altars:


Message History

The hobgoblin hits you.
The hobgoblin attacks as it pursues you!
The hobgoblin hits you.
The hobgoblin attacks as it pursues you!
The hobgoblin hits you.
The hobgoblin attacks as it pursues you!
The hobgoblin hits you.
* * * LOW HITPOINT WARNING * * *
A rat comes into view.
The hobgoblin attacks as it pursues you!
The hobgoblin barely misses you.
The hobgoblin attacks as it pursues you!
The hobgoblin barely misses you.
The hobgoblin attacks as it pursues you!
The hobgoblin closely misses you.
Found a stone staircase leading down.
The hobgoblin closely misses you.
A kobold comes into view. It is wielding a +0 club.
The hobgoblin attacks as it pursues you!
The hobgoblin hits you.
The kobold shouts!
The rat squeaks loudly.
The kobold throws a stone.
The stone hits you but does no damage.
A ball python comes into view.
Found a glowing hand axe.
The hobgoblin attacks as it pursues you!
The hobgoblin hits you but does no damage.
The kobold throws a stone.
The stone misses you.
The rat twitches its whiskers.
The rat bites you but does no damage. The rat bites you but does no damage.
The rat attacks as it pursues you! The rat bites you but does no damage.
The ball python bites you.
* * * LOW HITPOINT WARNING * * *
The ball python grabs you. The ball python constricts you.
The hobgoblin attacks as it pursues you!
The hobgoblin hits you.
* * * LOW HITPOINT WARNING * * *
There is a stone staircase leading down here.
The ball python's grasp on you weakens, but your attempt to escape fails.
The ball python misses you. The ball python constricts you.
You die...

.......# ####### ........
#.....# ........ #.....#
........ #..g@.# ........
#rKS..##. ........
#..gg..... ........
###S.#.###############.
#.....g#.#.#.#.#.#.#.#.
........##.g.(...........#
).....#..#......#........†.
......#..##.......#.......#
.........#.....#(...#..)...


You could see 3 hobgoblins, a goblin, 2 ball pythons, a kobold and a rat.

Vanquished Creatures
  A goblin (D:1)
  A kobold (D:1)
  2 rats (D:1)
4 creatures vanquished.

Vanquished Creatures (collateral kills)
  A goblin (D:1)
  A rat (D:1)
2 creatures vanquished.

Grand Total: 6 creatures vanquished

Notes
Turn   | Place    | Note
-------+----------+-------------------------------------------
     0 | D:1      | PaiMei the Demonspawn Necromancer began the quest for the
                  | Orb.
     0 | D:1      | Reached XP level 1. HP: 13/13 MP: 3/3
   139 | D:1      | Constricted to death by a ball python

Illustrated notes

Levels and vault maps discovered:
D:1:      co_arrival_square_in_a_square_in_a_square, layout_rooms,
          basic_ecumenical_altar

Action                     || total
---------------------------++-------
   Cast: Necrotise         ||     6
 Armour: Robe              ||    16
  Dodge: Dodged            ||     8
